 Dungeon Crawl Stone Soup version 0.24.0-125-gc4c63601f3 (webtiles) character file.

Game seed: 14704266413356355362, levelgen mode: deterministic

35 CrazyMind the Covered (level 3, -2/29 HPs)
             Began as a Human Fighter on Mar 1, 2020.
             Was a Follower of Uskayaw.
             Slain by a hobgoblin (3 damage)
             ... on level 2 of the Dungeon.
             The game lasted 00:07:13 (1452 turns).

CrazyMind the Covered (Human Fighter)               Turns: 1452, Time: 00:07:13

Health: -2/29      AC:  0    Str: 17    XL:     3   Next: 55%
Magic:  3/3        EV: 11    Int:  8    God:    Uskayaw [*.....]
Gold:   88         SH:  0    Dex: 12    Spells: 2/2 levels left

rFire    . . .     SeeInvis .   a - +0 long sword
rCold    . . .     Gourm    .   (no shield)
rNeg     . . .     Faith    .   (no armour)
rPois    .         Spirit   .   (no helmet)
rElec    .         Reflect  .   (no cloak)
rCorr    .         Harm     .   (no gloves)
MR       .....                  (no boots)
Stlth    +.........             (no amulet)
HPRegen  0.09/turn              (no ring)
MPRegen  0.08/turn              (no ring)

@: no status effects
A: no striking features
a: Stomp, Renounce Religion


You were on level 2 of the Dungeon.
You worshipped Uskayaw.
Uskayaw was noncommittal.
You were not hungry.

You visited 1 branch of the dungeon, and saw 2 of its levels.

You collected 88 gold pieces.

Inventory:

Hand Weapons
 a - a +0 long sword (weapon)
 j - a +0 short sword
Missiles
 e - 47 stones (quivered)
Armour
 b - a +0 scale mail
 c - a +0 shield
Scrolls
 g - 4 scrolls of teleportation {unknown}
 h - 3 scrolls of identify {unknown}
 m - a scroll of fog {unknown}
 n - a scroll of immolation {unknown}
Potions
 d - a potion of might
 i - a potion of heal wounds {unknown}
 l - a potion of mutation {unknown}
 o - 3 potions of curing {unknown}
Comestibles
 f - 4 rations
 k - 2 chunks of flesh


   Skills:
 + Level 3.2 Fighting
 + Level 2.4 Long Blades
 + Level 0.2 Throwing
 + Level 3.4 Armour
 + Level 0.1 Dodging
 + Level 3.3 Shields


You had 2 spell levels left.
You didn't know any spells.
Your spell library was empty.

Dungeon Overview and Level Annotations

Branches:
Dungeon (2/15)

Altars:
Uskayaw


Message History

The hobgoblin barely misses you. The hobgoblin closely misses you.
You riposte.
You hit the hobgoblin.
The hobgoblin is severely wounded.
The hobgoblin barely misses you. The hobgoblin hits you.
The hobgoblin misses you.
You riposte.
You barely miss the hobgoblin.
The hobgoblin is severely wounded.
The hobgoblin hits you. The hobgoblin hits you.
* * * LOW HITPOINT WARNING * * *
The hobgoblin hits you.
* * * LOW HITPOINT WARNING * * *
The hobgoblin hits you.
* * * LOW HITPOINT WARNING * * *
The hobgoblin closely misses you. The hobgoblin hits you.
* * * LOW HITPOINT WARNING * * *
The hobgoblin barely misses you. The hobgoblin hits you.
You die...

########.###...##..#
##......#...<.## ##.#
##.......<..########.#
#..................#..
#..................##.
#..........#..........
#..........#..........
#.....................
##...@................
#...g................
#..........#..........
#..........#..........
#..........#..........
#..........######.....
#.......^..# ##....
##........## #####


You could see a hobgoblin.

Vanquished Creatures
  A worm (D:2)
  A dart slug (D:1)
  A leopard gecko (D:1)
  A ball python (D:2)
  4 giant cockroaches
  3 goblins (D:1)
  5 hobgoblins
  2 quokkas
  2 bats
  A frilled lizard (D:1)
  2 kobolds (D:1)
  3 rats
26 creatures vanquished.

Notes
Turn   | Place    | Note
-------+----------+-------------------------------------------
     0 | D:1      | CrazyMind the Human Fighter began the quest for the Orb.
     0 | D:1      | Reached XP level 1. HP: 18/18 MP: 1/1
   100 | D:1      | Reached XP level 2. HP: 24/24 MP: 2/2
   875 | D:1      | Reached XP level 3. HP: 29/29 MP: 3/3
  1304 | D:2      | Found a faded altar of an unknown god.
  1324 | D:2      | Became a worshipper of Uskayaw the Reveler
  1324 | D:2      | Reached * piety under Uskayaw
  1450 | D:2      | HP: 1/29 [hobgoblin (1)]
  1452 | D:2      | Slain by a hobgoblin

Levels and vault maps discovered:
D:1:      lightli_arrival_chessboard, layout_basic, serial_bayou_ford_a
D:2:      layout_rooms, chequers_ecumenical_altar_simple_redux

Action                   || total
-------------------------++-------
Melee: Long sword        ||   119
Throw: Stone             ||    15
  Eat: Chunk             ||     2
Armor: Scale mail        ||    50
Dodge: Dodged            ||    40
Block: Shield            ||    63
       Rpst.: Long sword ||    13
